 Dungeon Crawl Stone Soup version 0.21.1-1-g345015f (webtiles) character file.

19639 Kairos the Covert (level 12, 0/92 HPs)
             Began as a Demonspawn Gladiator on Mar 26, 2018.
             Was an Elder of Okawaru.
             Succumbed to a black mamba's poison
             ... on level 2 of the Lair of Beasts.
             The game lasted 00:49:48 (16700 turns).

Kairos the Covert (Demonspawn Gladiator)           Turns: 16700, Time: 00:49:50

Health: 0/92       AC: 14    Str: 17    XL:     12   Next: 38%
Magic:  14/14      EV: 15    Int: 11    God:    Okawaru [****..]
Gold:   835        SH:  4    Dex: 16    Spells: 10/14 levels left

rFire    . . .     SeeInvis .   X - +2 executioner's axe (venom)
rCold    . . .     Gourm    +   (shield currently unavailable)
rNeg     . . .     Faith    .   y - +1 ring mail {MR+}
rPois    .         Spirit   .   e - +2 hat
rElec    .         Reflect  .   (no cloak)
rCorr    .         Harm     .   r - +0 pair of gloves
MR       +....                  (no boots)
Stlth    +++++.....             I - amulet of the gourmand
HPRegen  0.25/turn              U - ring of wizardry
MPRegen  0.14/turn              J - +4 ring of protection

@: lethally poisoned (0 -> -43), marked
A: horns 2, large bone plates 1, nightstalker 1, spiny 1
a: Heroism, Renounce Religion


You were on level 2 of the Lair of Beasts.
You worshipped Okawaru.
Okawaru was greatly pleased with you.
You were very full.

You visited 3 branches of the dungeon, and saw 15 of its levels.

You collected 835 gold pieces.

Inventory:

Hand Weapons
 h - a +1 hand axe of draining
 q - a +2 war axe of freezing
 H - a +0 hand axe of flaming
 X - a +2 executioner's axe of venom (weapon)
Missiles
 d - 2 throwing nets
 S - 3 javelins (quivered)
Armour
 e - a +2 hat (worn)
 r - a +0 pair of gloves (worn)
 y - a +1 ring mail of magic resistance (worn)
Jewellery
 E - an uncursed ring of positive energy
 F - an uncursed ring of fire
 I - an amulet of the gourmand (around neck)
 J - a +4 ring of protection (right hand)
 M - an uncursed ring of stealth
 U - a ring of wizardry (left hand)
Wands
 Q - a wand of iceblast (13)
 R - a wand of polymorph (12)
 V - a wand of acid (5)
Scrolls
 i - 5 scrolls of teleportation
 j - 2 scrolls of fear
 l - 2 scrolls of blinking
 o - 2 scrolls of fog
 v - 3 scrolls of amnesia
 w - a scroll of enchant armour
 B - 8 scrolls of remove curse
 P - 2 scrolls of brand weapon
 T - a scroll of summoning
 Y - a scroll of magic mapping {unknown}
Potions
 k - 4 potions of curing
 n - 2 potions of agility
 p - 5 potions of heal wounds
 s - 2 potions of might
 t - 2 potions of ambrosia
 x - 2 potions of berserk rage
 z - 3 potions of flight
 A - a potion of haste
 G - a potion of brilliance
 O - a potion of mutation
 Z - a potion of magic {unknown}
Books
 u - a book of Maledictions

   Spells                             Type                      Level
   a - Corona                         Hexes                        1
   b - Ensorcelled Hibernation        Hexes/Ice                    2
   c - Confuse                        Hexes                        3
   d - Tukima's Dance                 Hexes                        3
   e - Dazzling Spray                 Conjuration/Hexes            3
Comestibles
 f - 23 rations


   Skills:
 - Level 7.8 Fighting
 - Level 10.6(10.8) Axes
   Level 3.1(7.5) Maces & Flails
 - Level 3.1 Throwing
 - Level 6.5 Armour
 - Level 6.2 Dodging
 + Level 11.4 Stealth
 - Level 1.6 Spellcasting
 - Level 0.9 Hexes


You had 10 spell levels left.
You knew the following spells:

 Your Spells              Type           Power        Failure   Level  Hunger
a - Confusing Touch       Hex            #.....       14%         1    ##.....
b - Confuse               Hex            #.......     38%         3    ####...


Dungeon Overview and Level Annotations

Branches:
Dungeon (11/15)            Temple (1/1) D:4            Lair (3/6) D:11
    Orc (0/2) D:11
  Swamp: Lair:2-4    Shoals: Lair:2-4     Snake: Lair:2-4    Spider: Lair:2-4

Altars:
Ashenzari
Cheibriados
Dithmenos
Elyvilon
Fedhas
Gozag
Hepliaklqana
Kikubaaqudgha
Makhleb
Nemelex Xobeh
Okawaru
Qazlal
Ru
Sif Muna
Trog
Uskayaw
Vehumet
Wu Jian
Xom
Yredelemnul
Zin
The Shining One

Shops:
D:9 (

Annotations:
Lair:1 exclusion: oklob plant


Innate Abilities, Weirdness & Mutations

You have a pair of horns on your head.
You are partially covered in large bone plates. (SH +4)
You are slightly more attuned to the shadows.
You are partially covered in sharp spines.


Message History

* * * LOW HITPOINT WARNING * * *
You are more poisoned.
The black mamba poisons you!
A yak comes into view.
There is a stone staircase leading up here.
You feel sick.
The black mamba is struck by your spines.
The black mamba bites you!
* * * LOW HITPOINT WARNING * * *
You are more poisoned.
The black mamba poisons you!
The black mamba is struck by your spines.
The black mamba bites you!
* * * LOW HITPOINT WARNING * * *
The wolf closely misses you. The black mamba misses you.
The salamander closely misses you. The black mamba barely misses you.
The yak is engulfed in blazing flames.
The yak dies!
You climb upwards.
You die...

.## ###.......#####.######.......
.P###....##.....###..# ##.......
..#.....#..##...##..## #........
..'.⌠...#.......###.# ##.....).
..#...##....#....#..## #.†......
.###.##......#....#.P####....†...
.................##.###.##.......
...#.....>....#.S................
..####..##P##..h@.#..P###..###.##
.## ##..####.#.S...####..P# ###
.# ##.####..####...# ##.## .#
#..#.##..## #..## #.# .#
##..####..# ##.# ..# .# #.## #..#
#.# #.# ## ##.## #### ### ### #
##.# ###


You could see 2 black mambas and a wolf.

Vanquished Creatures
  The ghost of Kairos the Basher, a journeyman HuGl of Okawaru (Lair:2)
  A hydra (D:9)
  Erica (D:8)
  3 two-headed ogres
  2 ugly things (D:11)
  A black mamba (Lair:3)
  2 spiny frogs
  2 komodo dragons
  2 trolls (D:11)
  5 hippogriffs
  Sigmund (D:4)
  A spriggan (D:7)
  A wraith (D:11)
  21 yaks
  2 wyverns
  Eustachio (D:4)
  2 hungry ghosts (D:7)
  A basilisk (Lair:1)
  Grum (D:8)
  Edmund (D:4)
  A soldier ant (D:11)
  Duvessa (D:4)
  7 water moccasins
  3 porcupines
  3 ice beasts
  2 sky beasts
  2 orc warriors
  2 black bears
  4 ogres
  An eye of draining (D:11)
  3 centaurs
  2 necrophages
  3 wolves (D:8)
  2 phantoms
  4 crocodiles
  3 big kobolds
  10 bullfrogs
  Dowan (D:4)
  2 scorpions (D:4)
  11 killer bees
  3 wights (D:8)
  2 electric eels (Lair:2)
  7 howler monkeys
  5 crimson imps
  5 orc priests
  A centaur skeleton (D:10)
  2 centaur zombies
  A jelly (D:8)
  4 bullfrog skeletons
  7 hounds
  6 iguanas
  9 orc wizards
  8 worker ants
  A hound skeleton (D:11)
  A howler monkey zombie (D:11)
  A worker ant zombie (D:8)
  10 gnolls
  A howler monkey skeleton (D:5)
  12 adders
  6 shadow imps
  3 oozes
  2 adder skeletons
  5 worms
  5 dart slugs
  3 leopard geckos
  38 orcs
  2 ball pythons
  13 bats
  5 giant cockroaches
  4 goblins
  4 hobgoblins
  16 jackals
  14 kobolds
  3 quokkas
  4 frilled lizards
  A jackal skeleton (D:6)
  2 jackal zombies
  A leopard gecko skeleton (D:4)
  A quokka skeleton (D:3)
  6 rats
343 creatures vanquished.

Vanquished Creatures (others)
  A wizard (D:8)
  A yak (Lair:3)
  2 fungi (Lair:2)
  8 plants
12 creatures vanquished.

Grand Total: 355 creatures vanquished

Notes
Turn   | Place    | Note
-------+----------+-------------------------------------------
     0 | D:1      | Kairos the Demonspawn Gladiator began the quest for the Orb.
     0 | D:1      | Reached XP level 1. HP: 16/16 MP: 1/1
    98 | D:1      | Gained mutation: You have a pair of small horns on your head. [demonic ancestry]
    98 | D:1      | Reached XP level 2. HP: 16/22 MP: 2/2
   105 | D:1      | Found a shattered altar of Ashenzari.
   268 | D:1      | Reached XP level 3. HP: 24/27 MP: 3/3
   504 | D:2      | Reached skill level 1 in Armour
   522 | D:2      | Learned a level 1 spell: Confusing Touch
   568 | D:2      | Reached XP level 4. HP: 33/34 MP: 4/4
   593 | D:2      | Reached skill level 1 in Axes
   986 | D:3      | Found a white marble altar of Elyvilon.
  1143 | D:3      | Reached XP level 5. HP: 39/39 MP: 5/5
  1178 | D:3      | Noticed a hand axe
  1178 | D:3      | Noticed a dagger
  1185 | D:3      | Found a hide-covered altar of Uskayaw.
  1504 | D:3      | Reached skill level 1 in Stealth
  2065 | D:4      | Noticed Eustachio
  2079 | D:4      | Killed Eustachio
  2079 | D:4      | Gained mutation: You are partially covered in sharp spines. [demonic ancestry]
  2079 | D:4      | Reached XP level 6. HP: 28/47 MP: 1/6
  2400 | D:4      | Gained mutation: You are slightly more attuned to the shadows. [demonic ancestry]
  2400 | D:4      | Reached XP level 7. HP: 20/54 MP: 7/7
  2595 | D:4      | Found a staircase to the Ecumenical Temple.
  2599 | D:4      | Noticed Sigmund
  2670 | D:4      | Killed Sigmund
  2941 | D:4      | Noticed Dowan
  2943 | D:4      | Noticed Duvessa
  2953 | D:4      | Killed Dowan
  2957 | D:4      | Killed Duvessa
  2957 | D:4      | Reached skill level 5 in Axes
  3128 | Temple   | Entered the Ecumenical Temple
  3250 | D:4      | Noticed Edmund
  3273 | D:4      | Killed Edmund
  3273 | D:4      | Reached skill level 2 in Stealth
  3273 | D:4      | Reached XP level 8. HP: 58/59 MP: 6/8
  3646 | D:4      | Reached skill level 5 in Fighting
  3830 | D:5      | Entered Level 5 of the Dungeon
  3840 | D:5      | Reached skill level 1 in Spellcasting
  4166 | D:5      | Found a shadowy altar of Dithmenos.
  5147 | D:5      | Reached XP level 9. HP: 28/68 MP: 11/11
  5782 | D:6      | Reached skill level 3 in Stealth
  6654 | D:7      | Reached skill level 5 in Dodging
  6851 | D:7      | Reached skill level 4 in Stealth
  7190 | D:7      | Found a blossoming altar of Fedhas.
  7190 | D:7      | Found a glowing silver altar of Zin.
  7245 | D:7      | Found a stormy altar of Qazlal.
  7499 | D:8      | Noticed Grum
  7513 | D:8      | Reached skill level 5 in Armour
  7769 | D:8      | Killed Grum
  7769 | D:8      | Reached XP level 10. HP: 53/76 MP: 12/12
  7938 | D:8      | Reached skill level 5 in Stealth
  8030 | D:8      | Found a hazy altar of Hepliaklqana.
  8258 | D:8      | Found a sacrificial altar of Ru.
  8261 | D:8      | Found a glowing golden altar of the Shining One.
  8261 | D:8      | Found a deep blue altar of Sif Muna.
  8263 | D:8      | Found a basalt altar of Yredelemnul.
  8263 | D:8      | Found an iron altar of Okawaru.
  8466 | D:8      | Became a worshipper of Warmaster Okawaru
  8520 | D:8      | Found a bloodstained altar of Trog.
  8523 | D:8      | Noticed a wizard
  8528 | D:8      | Killed a wizard
  8693 | D:8      | Noticed Erica
  8768 | D:8      | Killed Erica
  9153 | D:9      | Noticed a two-headed ogre
  9166 | D:9      | Killed a two-headed ogre
  9166 | D:9      | Reached * piety under Okawaru
  9236 | D:9      | Noticed a four-headed hydra
  9249 | D:9      | Killed a one-headed hydra
  9249 | D:9      | Reached ** piety under Okawaru
  9291 | D:9      | Found Igguewki's Antique Weapon Shoppe.
  9622 | D:10     | Entered Level 10 of the Dungeon
  9624 | D:10     | Noticed a two-headed ogre
  9636 | D:10     | Killed a two-headed ogre
  9636 | D:10     | Gained mutation: You have a pair of horns on your head. [demonic ancestry]
  9636 | D:10     | Reached XP level 11. HP: 59/84 MP: 13/13
  9851 | D:10     | Reached skill level 10 in Axes
  9860 | D:10     | Reached *** piety under Okawaru
 11135 | D:11     | Reached skill level 6 in Stealth
 11457 | D:11     | Noticed a two-headed ogre
 11460 | D:11     | Noticed a white ugly thing
 11486 | D:11     | Killed a two-headed ogre
 11486 | D:11     | Reached **** piety under Okawaru
 11496 | D:11     | Killed a white ugly thing
 11832 | D:11     | Found a sacrificial altar of Ru.
 11888 | D:11     | Found a staircase to the Orcish Mines.
 11956 | D:11     | Found a staircase to the Lair.
 11968 | D:11     | Learned a level 3 spell: Confuse
 12003 | D:11     | Reached skill level 7 in Stealth
 12277 | D:11     | Noticed a white ugly thing
 12293 | D:11     | Killed a white ugly thing
 12293 | D:11     | Reached ***** piety under Okawaru
 12872 | Lair:1   | Entered Level 1 of the Lair of Beasts
 12914 | Lair:1   | Reached skill level 8 in Stealth
 12982 | Lair:1   | Noticed an oklob plant
 13142 | Lair:1   | Received a gift from Okawaru
 13144 | Lair:1   | Reached skill level 9 in Stealth
 13435 | Lair:1   | Gained mutation: You are partially covered in large bone plates. (SH +4) [demonic ancestry]
 13435 | Lair:1   | Reached XP level 12. HP: 92/92 MP: 14/14
 13784 | Lair:1   | Reached skill level 10 in Stealth
 14534 | Lair:2   | Noticed Kairos's ghost (journeyman HuGl)
 15672 | Lair:1   | Found a deep blue altar of Sif Muna.
 16062 | Lair:2   | Killed Kairos's ghost
 16062 | Lair:2   | Reached skill level 11 in Stealth
 16700 | Lair:2   | Succumbed to a black mamba's poison

Skill      XL: |  1  2  3  4  5  6  7  8  9 10 11 12 |
---------------+-------------------------------------+-----
Maces & Flails | 3 |  3.1
Dodging        | 3 4 5 6 |  6.2
Armour         | 1 2 3 4 5 6 |  6.5
Throwing       | 2 3 |  3.1
Axes           | 2 3 5 6 8 9 10 | 10.6
Stealth        | 1 2 4 5 9 11 | 11.4
Fighting       | 3 4 5 6 7 |  7.8
Spellcasting   | 1 |  1.6
Hexes          | |  0.9

Action                   |  1- 3 |  4- 6 |  7- 9 | 10-12 || total
-------------------------+-------+-------+-------+-------++-------
Melee: Flail             |     8 |       |       |       ||     8
       Hand axe          |    51 |   147 |   322 |   433 ||   953
       Headbutt          |     5 |    29 |    68 |   113 ||   215
       Executioner's axe |       |       |       |    90 ||    90
       War axe           |       |       |       |     9 ||     9
Throw: Throwing net      |       |     1 |     2 |       ||     3
       Javelin           |       |       |       |    19 ||    19
 Cast: Confusing Touch   |       |       |     3 |     1 ||     4
       Confuse           |       |       |       |     1 ||     1
Invok: Heroism           |       |       |       |     6 ||     6
       Finesse           |       |       |       |     2 ||     2
  Use: Potion            |       |       |     1 |       ||     1
       Scroll            |       |       |    10 |    11 ||    21
 Stab: Sleeping          |     1 |     4 |    11 |    32 ||    48
       Distracted        |       |       |     1 |       ||     1
  Eat: Chunk             |       |     5 |    18 |    34 ||    57
       Ration            |       |       |     2 |       ||     2
Armor: Leather armour    |    22 |    31 |     8 |       ||    61
       Ring mail         |       |       |    87 |   141 ||   228
Dodge: Dodged            |    56 |    85 |   181 |   300 ||   622
Block: Other             |       |       |       |    23 ||    23
